 Dungeon Crawl Stone Soup version 0.23-a0-29-g1be82e5 (webtiles) character file.

14 Amnesiac the Magician (level 2, -1/19 HPs)
             Began as a Mummy Air Elementalist on Aug 3, 2018.
             Killed from afar by an orc wizard (9 damage)
             ... with a magic dart
             ... on level 3 of the Dungeon.
             The game lasted 00:01:50 (331 turns).

Amnesiac the Magician (Mummy Air Elementalist)       Turns: 331, Time: 00:01:51

Health: -1/19      AC:  2    Str: 11    XL:     2   Next: 31%
Magic:  0/5        EV: 12    Int: 14    God:
Gold:   13         SH:  0    Dex: 12    Spells: 3/6 levels left

rFire    x . .     SeeInvis .   b - +0 dagger (pain)
rCold    + . .     Gourm    .   (no shield)
rNeg     + + +     Faith    .   a - +0 robe
rPois    ∞         Spirit   .   (no helmet)
rElec    .         Reflect  .   (no cloak)
rCorr    .         Harm     .   (no gloves)
MR       .....                  (no boots)
Stlth    ++........             (no amulet)
HPRegen  0.06/turn              (no ring)
MPRegen  0.09/turn              (no ring)

@: no status effects
A: no food or potions, fire vulnerability, cold resistance 1, negative energy
resistance 3, torment resistance, unbreathing
a: no special abilities


You were on level 3 of the Dungeon.
You were not hungry.

You visited 1 branch of the dungeon, and saw 3 of its levels.

You collected 13 gold pieces.

Inventory:

Hand Weapons
 b - a +0 dagger of pain (weapon)
 c - a +0 short sword
Armour
 a - a +0 robe (worn)


   Skills:
 - Level 1.5 Dodging
 - Level 1.5 Stealth
 - Level 2.6 Spellcasting
 * Level 1.7 Conjurations
 - Level 2.6 Air Magic


You had 3 spell levels left.
You knew the following spells:

 Your Spells              Type           Power        Failure   Level  Hunger
a - Shock                 Conj/Air       #...         9%          1    N/A
z - Swiftness             Chrm/Air       #.......     21%         2    N/A

Your spell library contained the following spells:

 Spells                   Type           Power        Failure   Level  Hunger
 Lightning Bolt           Conj/Air       #.........   94%         5    N/A
 Airstrike                Air            #.........   58%         4    N/A
 Static Discharge         Conj/Air       #.......     26%         3    N/A

Dungeon Overview and Level Annotations

Branches:
Dungeon (3/15)

Altars:

Annotations:
D:2 Natasha
D:3 exclusion: ogre


Innate Abilities, Weirdness & Mutations

You do not eat or drink.
Your flesh is vulnerable to fire.
You are immune to poison.
Your flesh is cold resistant. (rC+)
You are immune to negative energy. (rN+++)
You are immune to unholy pain and torment.
You can survive without breathing.


Message History

The zap hits the orc.
The orc is almost dead.
Unknown command.
Casting: Shock (safe; 10% risk of failure)
Confirm with . or Enter, or press ? or * to list all spells.
Aiming: Shock (safe; 10% risk of failure)
Press: ? - help, Shift-Dir - straight line The zap hits the orc.
You kill the orc!
Unknown command.
Press: ? - help, v - describe, . - travel, g - get item A dagger of pain.
There is something else lying underneath.
The floor.
Things that are here:
a hand axe; a ring mail; an orc corpse The orc wizard shouts!
The orc wizard hits you but does no damage.
An orc comes into view. It is wielding an enchanted dagger.
Things that are here:
a dagger of pain; an orc corpse
b - a dagger of pain The orc wizard hits you but does no damage.
Wield which item (- for none, * to show all)? (? for menu, Esc to quit)
You have a feeling of ineptitude.
b - a +0 dagger of pain (weapon)
The orc wizard gestures wildly while chanting.
The orc wizard blinks!
A rat comes into view.
The orc hits you with an enchanted dagger.
Press: ? - help, v - describe, . - travel
Here: an orc, wielding an enchanted dagger The floor.
You aren't carrying any scrolls.
Your magical contamination has completely faded away.
You see here an orc corpse.
Casting: Shock (safe; 10% risk of failure)
Confirm with . or Enter, or press ? or * to list all spells.
Aiming: Shock (safe; 10% risk of failure)
Press: ? - help, Shift-Dir - straight line The zap misses the orc.
The zap hits the orc.
The orc is lightly wounded.
The orc wizard hits you with a dagger. The orc hits you but does no damage.
Unknown command.
You hit the orc.
The orc is heavily wounded.
The orc wizard gestures wildly while chanting.
The orc wizard seems to speed up.
The orc barely misses you.
You barely miss the orc.
The orc is heavily wounded.
The orc wizard barely misses you. The orc wizard closely misses you.
The orc barely misses you.
You hit the orc.
You kill the orc!
The orc wizard gestures at you while chanting.
The magic dart hits you!
You hit the rat but do no damage. The orc wizard hits you with a dagger.
* * * LOW HITPOINT WARNING * * *
The rat closely misses you.
The orc wizard casts a spell.
The orc wizard blinks!
The orc wizard points at you and mumbles some strange words.
The magic dart hits you!
You die...

...(.... # ........# #.
#.#.#.#.# #.###.#.#.#.# .
...........# . #
#.o.....#.#######. #o
#.....#.#.##...... #..#
#....###.......... .o..
#@##..#...##......
##.#..#####†##.#.#..######..
..........r.##........# .#
...##.#########.##.##.# S# #
#.##.##)# .#
##.#########.##.##.# ..
.......<..##.##.##.# ..
###..####.##.......# ..
#..####.#####†####


You could see an orc wizard and a rat.

Vanquished Creatures
  4 orcs (D:3)
  A giant cockroach (D:3)
  A goblin (D:1)
  A hobgoblin (D:1)
  A frilled lizard (D:1)
  2 rats (D:3)
10 creatures vanquished.

Notes
Turn   | Place    | Note
-------+----------+-------------------------------------------
     0 | D:1      | Amnesiac the Mummy Air Elementalist began the quest for the Orb.
     0 | D:1      | Reached XP level 1. HP: 13/13 MP: 4/4
    42 | D:1      | Reached skill level 1 in Conjurations
   151 | D:2      | Noticed Natasha
   160 | D:2      | Noticed a crimson imp
   175 | D:3      | Noticed an ogre
   255 | D:3      | Reached XP level 2. HP: 19/19 MP: 2/5
   270 | D:3      | Learned a level 2 spell: Swiftness
   331 | D:3      | Killed from afar by an orc wizard

Vault maps used:
D:1:      roderic_crop_circles_arrival_small
D:2:      grunt_temple_overflow_opulence, first_ration, uniq_natasha
D:3:      lemuel_doored_altar, fedhas_altar_3

Skill      XL: |  1 |
---------------+----+-----
Conjurations   | 1 |  1.7
Dodging        | |  1.5
Stealth        | |  1.5
Spellcasting   | |  2.6
Air Magic      | |  2.6

Action                   || total
-------------------------++-------
Melee: Unarmed           ||     2
       Dagger            ||     4
 Cast: Shock             ||    19
Armor: Robe              ||     3
Dodge: Dodged            ||     5

Table legend:
 A = Spawn XP
 B = Non-spawn XP
 C = Spawn XP percentage of total XP
 D = Spawn monster count
 E = Non-spawn monster count
 F = Spawn count percentage of total count
 G = Total turns spent on level
                    A         B        C        D         E        F      G
               +---------+---------+-------+---------+---------+-------+---------
         Total |       0 |      21 |   0.0 |       0 |      10 |   0.0 |   331
               +---------+---------+-------+---------+---------+-------+---------
           D:1 |       0 |       5 |   0.0 |       0 |       3 |   0.0 |    98
           D:3 |       0 |      16 |   0.0 |       0 |       7 |   0.0 |   161
               +---------+---------+-------+---------+---------+-------+---------
